Senateurs vs Blues
Created - November 6, 2017 at 19:17
Goals
|
| Senateurs |
0 |
2 |
0 |
2 |
| Blues |
3 |
0 |
1 |
4 |
|
Shots
|
| Senateurs |
9 |
10 |
7 |
26 |
| Blues |
17 |
6 |
12 |
35 |
|
1st period
1. Blues , Nicklas Backstrom 5 (Sergei Shirokov 7, Tuukka Rask) at 8:42 (PP)
2. Blues , Travis Zajac 7 (Jake Gardiner 8, David Perron 7) at 10:25 (PP)
3. Blues , Sergei Shirokov 2 (Alex Pietrangelo 10, David Perron 8) at 17:30
Penalties :
Ramzi Abid (Ott) for Hooking (Minor) at 4:26, Carlo Colaiacovo (Ott) for High sticking (Minor) at 8:26, Ramzi Abid (Ott) for Interference (Minor) at 9:44
2nd period
4. Senateurs , Johan Franzen 4 (Brenden Morrow 9, Evgeni Malkin 6) at 1:01
5. Senateurs , Thomas Vanek 1 (Kurtis Foster 4, Evgeni Malkin 7) at 2:24 (PP)
Penalties :
Nicklas Backstrom (STL) for Roughing (Minor) at 2:15, Brenden Morrow (Ott) for Boarding (Minor) at 3:40, Vladimir Mihalik (Ott) for Interference (Minor) at 6:03, Drew Fata (STL) for Holding (Minor) at 12:25, David Perron (STL) for Slashing (Minor) at 19:22
3rd period
6. Blues , Drew Stafford 1 (George Parros 6, Drew Fata 1) at 9:35
Penalties :
Drew Fata (STL) for Hooking (Minor) at 0:29, B.J. Crombeen (Ott) for Roughing (Minor) at 8:04, Sergei Shirokov (STL) for Interference (Minor) at 8:07, Rob Schremp (Ott) for Roughing (Minor) at 14:28, Ryan Malone (Ott) for Hooking (Minor) at 17:32
Goalie Stats
Jeff Deslauriers (Ott), 31 saves from 35 shots - (0.886), L, 2-1-0, 60:00 minutes
Tuukka Rask (STL), 24 saves from 26 shots - (0.923), W, 6-5-0, 60:00 minutes
Players Stats for Senateurs
Player Name G A P +/- PIM S H SB GA TA FO MP PP MP PK MP
------------------------------------------------------------------------------------
B.J. Crombeen 0 0 0 -1 2 0 0 2 0 1 1/2 14:28 2:12 0:00
Brandon Dubinsky 0 0 0 -1 0 1 2 1 0 1 11/22 13:41 0:03 7:17
Brenden Morrow 0 1 1 1 2 4 3 0 0 1 1/2 19:53 2:09 1:31
Brooks Orpik 0 0 0 0 0 0 0 2 0 1 0/0 17:20 0:00 7:44
Carlo Colaiacovo 0 0 0 0 2 1 0 1 0 1 0/0 16:17 1:58 0:27
Cody Hodgson 0 0 0 -1 0 2 3 0 1 0 1/7 14:52 2:09 0:00
Dan Girardi 0 0 0 0 0 0 1 0 0 1 0/0 9:19 0:00 0:00
Dan Hamhuis 0 0 0 -1 0 1 0 3 2 0 0/0 27:06 3:19 3:11
Evgeni Malkin 0 2 2 1 0 2 2 0 0 0 12/29 19:37 3:05 1:00
Johan Franzen 1 0 1 1 0 3 2 0 0 2 1/1 17:12 3:02 0:00
Kurtis Foster 0 1 1 -1 0 1 1 1 1 0 0/0 31:10 3:19 7:44
Milan Hejduk 0 0 0 0 0 0 0 0 0 0 0/0 5:55 0:03 0:00
Pascal Dupuis 0 0 0 0 0 1 0 0 0 0 0/1 9:11 0:00 0:00
Ramzi Abid 0 0 0 -1 4 5 0 2 1 0 1/1 14:15 0:03 5:20
Rob Schremp 0 0 0 0 2 2 2 0 0 0 2/4 11:55 0:00 2:38
Ryan Malone 0 0 0 0 2 0 1 1 0 0 0/2 9:34 0:00 4:04
Thomas Vanek 1 0 1 -1 0 1 1 1 0 0 0/1 16:27 3:05 0:00
Vladimir Mihalik 0 0 0 0 2 2 2 0 1 1 0/0 18:49 1:58 2:44
Players Stats for Blues
Player Name G A P +/- PIM S H SB GA TA FO MP PP MP PK MP
------------------------------------------------------------------------------------
Alex Pietrangelo 0 1 1 1 0 5 5 3 1 0 0/0 27:54 7:19 2:31
Blake Wheeler 0 0 0 0 0 2 2 0 0 0 0/3 20:51 3:58 3:16
Bryce Lampman 0 0 0 1 0 0 1 2 2 1 0/0 20:45 0:00 3:37
Cody Franson 0 0 0 -1 0 0 0 1 1 2 0/0 15:38 3:36 1:05
David Perron 0 2 2 1 2 4 0 0 0 0 0/0 16:44 3:58 0:06
Drew Fata 0 1 1 1 4 0 0 2 1 1 0/0 17:39 0:00 1:15
Drew Stafford 1 0 1 0 0 2 1 0 0 0 0/0 11:02 0:00 0:53
George Parros 0 1 1 1 0 1 0 0 1 0 1/1 7:11 0:00 0:00
Jake Gardiner 0 1 1 1 0 3 4 0 0 1 0/0 23:18 7:19 0:55
Jordan Nolan 0 0 0 -1 0 2 0 0 0 0 4/7 10:31 0:00 0:53
Justin Schultz 0 0 0 -1 0 0 2 3 0 0 0/0 15:14 3:36 1:10
Linus Omark 0 0 0 0 0 0 1 0 0 0 0/0 6:43 0:00 0:00
Loui Eriksson 0 0 0 -1 0 0 2 0 0 0 0/0 9:38 0:00 0:00
Nicklas Backstrom 1 0 1 0 2 7 1 1 1 0 20/34 22:17 6:57 0:58
Sergei Shirokov 1 1 2 1 2 3 2 1 0 0 0/0 18:20 6:56 0:00
Taylor Hall 0 0 0 0 0 3 0 0 0 0 1/3 21:28 6:57 0:32
Tomas Plekanec 0 0 0 0 0 1 0 0 2 1 4/6 6:43 0:00 0:00
Travis Zajac 1 0 1 1 0 2 0 2 0 0 12/18 19:54 3:58 3:04
3 Stars
1 - Sergei Shirokov (STL)
2 - Alex Pietrangelo (STL)
3 - Evgeni Malkin (Ott)
Power Play
Senateurs - 1 on 5 Attempt(s) - 20.00%
Blues - 2 on 8 Attempt(s) - 25.00%
Penalty Kill
Senateurs - 6 on 8 Attempt(s) - 75.00%
- Score 0 goal in Penalty Kill
Blues - 4 on 5 Attempt(s) - 80.00%
- Score 0 goal in Penalty Kill
Team Stat
Senateurs - Hits : 20 - Faceoff Wins : 30 - Blocked Shots : 14 - Penalty Minutes : 16
Blues - Hits : 21 - Faceoff Wins : 42 - Blocked Shots : 15 - Penalty Minutes : 10
Official
Referees : Banfield David and McCauley Wes
Linesman : Greg Devorski and Jonny Murray
Game Notes
No Game Note
Finance
Level 1 -- Attendance: 6000 (100.00%) -- Ticket Income $534,000
Level 2 -- Attendance: 4688 (93.76%) -- Ticket Income $267,216
Level 3 -- Attendance: 1787 (89.35%) -- Ticket Income $62,545
Level 4 -- Attendance: 3897 (97.43%) -- Ticket Income $93,528
Luxury Box -- Attendance: 716 (71.60%) -- Ticket Income $124,584
Game was played at the Scotttrade center.
Total Attendance: 17088 (94.93%)
Total Ticket Income: $1,081,873
Other Income: $162,281
Total Income: $1,244,154
Senateurs
5 vs 5 Forward
Center Left Wing Right Wing Time % Phy DF OF
1 Evgeni Malkin Brenden Morrow Johan Franzen 40 0 1 4
2 Cody Hodgson Thomas Vanek B.J. Crombeen 30 1 1 3
3 Rob Schremp Ramzi Abid Pascal Dupuis 20 1 3 1
4 Brandon Dubinsky Ryan Malone Milan Hejduk 10 2 2 1
5 vs 5 Defense
Defense Defense Time % Phy DF OF
1 Dan Hamhuis Kurtis Foster 40 1 2 2
2 Carlo Colaiacovo Vladimir Mihalik 30 1 2 2
3 Brooks Orpik Dan Girardi 20 1 2 2
4 Dan Hamhuis Kurtis Foster 10 1 2 2
PowerPlay Forward
Center Left Wing Right Wing Time % Phy DF OF
1 Evgeni Malkin Thomas Vanek Johan Franzen 60 1 2 2
2 Cody Hodgson Brenden Morrow B.J. Crombeen 40 1 2 2
PowerPlay Defense
Defense Defense Time % Phy DF OF
1 Dan Hamhuis Kurtis Foster 60 1 2 2
2 Carlo Colaiacovo Vladimir Mihalik 40 1 2 2
Penalty Kill 4 Players Forward
Center Wing Time % Phy DF OF
1 Brandon Dubinsky Ramzi Abid 60 1 4 0
2 Rob Schremp Ryan Malone 40 1 4 0
Penalty Kill 4 Players Defense
Defense Defense Time % Phy DF OF
1 Brooks Orpik Kurtis Foster 60 2 3 0
2 Dan Hamhuis Vladimir Mihalik 40 2 3 0
Penalty Kill - 3 Players Forward
Forward Time % Phy DF OF
1 Cody Hodgson 60 0 5 0
2 Rob Schremp 40 1 4 0
Penalty Kill - 3 Players Defense
Defense Defense Time % Phy DF OF
1 Brooks Orpik Kurtis Foster 60 1 4 0
2 Dan Hamhuis Vladimir Mihalik 40 1 4 0
4 vs 4 Forward
Center Wing Time % Phy DF OF
1 Evgeni Malkin Thomas Vanek 60 1 2 2
2 Cody Hodgson Brenden Morrow 40 1 2 2
4 vs 4 Defense
Defense Defense Time % Phy DF OF
1 Dan Hamhuis Kurtis Foster 60 1 2 2
2 Carlo Colaiacovo Vladimir Mihalik 40 1 2 2
Last Minutes Offensive
Center Left Wing Right Wing Defense Defense
Evgeni Malkin Thomas Vanek Johan Franzen Dan Hamhuis Kurtis Foster
Last Minutes Defensive
Center Left Wing Right Wing Defense Defense
Evgeni Malkin Thomas Vanek Johan Franzen Dan Hamhuis Kurtis Foster
Goaltenders
Starting : Jeff Deslauriers
Backup : Ondrej Pavelec
Extra Forwards
Normal : Evgeni Malkin, Cody Hodgson, Brenden Morrow - PP : Thomas Vanek, B.J. Crombeen - PK : Ryan Malone
Extra Defensemen
Normal : Dan Girardi, Dan Hamhuis, Carlo Colaiacovo - PP : Kurtis Foster - PK : Vladimir Mihalik, Brooks Orpik
Penalty Shots
Evgeni Malkin, Thomas Vanek, Brenden Morrow, Ryan Malone, Johan Franzen
Scratches
Arturs Kulda (Healthy)
Blues
5 vs 5 Forward
Center Left Wing Right Wing Time % Phy DF OF
1 Nicklas Backstrom Taylor Hall Blake Wheeler 40 1 2 2
2 Travis Zajac David Perron Sergei Shirokov 30 1 2 2
3 Jordan Nolan Loui Eriksson Drew Stafford 20 1 2 2
4 Tomas Plekanec Linus Omark George Parros 10 1 2 2
5 vs 5 Defense
Defense Defense Time % Phy DF OF
1 Alex Pietrangelo Bryce Lampman 40 1 2 2
2 Jake Gardiner Drew Fata 30 1 2 2
3 Justin Schultz Cody Franson 20 1 2 2
4 Alex Pietrangelo Drew Fata 10 1 2 2
PowerPlay Forward
Center Left Wing Right Wing Time % Phy DF OF
1 Nicklas Backstrom Taylor Hall Sergei Shirokov 60 1 2 2
2 Travis Zajac David Perron Blake Wheeler 40 1 2 2
PowerPlay Defense
Defense Defense Time % Phy DF OF
1 Jake Gardiner Alex Pietrangelo 60 1 2 2
2 Cody Franson Justin Schultz 40 1 2 2
Penalty Kill 4 Players Forward
Center Wing Time % Phy DF OF
1 Travis Zajac Blake Wheeler 60 1 2 2
2 Jordan Nolan Drew Stafford 40 1 2 2
Penalty Kill 4 Players Defense
Defense Defense Time % Phy DF OF
1 Drew Fata Bryce Lampman 60 1 2 2
2 Cody Franson Jake Gardiner 40 1 2 2
Penalty Kill - 3 Players Forward
Forward Time % Phy DF OF
1 Blake Wheeler 60 1 2 2
2 Travis Zajac 40 1 2 2
Penalty Kill - 3 Players Defense
Defense Defense Time % Phy DF OF
1 Bryce Lampman Drew Fata 60 1 2 2
2 Alex Pietrangelo Jake Gardiner 40 1 2 2
4 vs 4 Forward
Center Wing Time % Phy DF OF
1 Travis Zajac David Perron 60 1 2 2
2 Nicklas Backstrom Taylor Hall 40 1 2 2
4 vs 4 Defense
Defense Defense Time % Phy DF OF
1 Bryce Lampman Alex Pietrangelo 60 1 2 2
2 Drew Fata Jake Gardiner 40 1 2 2
Last Minutes Offensive
Center Left Wing Right Wing Defense Defense
Nicklas Backstrom Taylor Hall Sergei Shirokov Jake Gardiner Alex Pietrangelo
Last Minutes Defensive
Center Left Wing Right Wing Defense Defense
Travis Zajac Loui Eriksson Blake Wheeler Bryce Lampman Drew Fata
Goaltenders
Starting : Tuukka Rask
Backup : Ray Emery
Extra Forwards
Normal : George Parros, Drew Stafford, David Perron - PP : Linus Omark, Tomas Plekanec - PK : Nicklas Backstrom
Extra Defensemen
Normal : Jake Gardiner, Cody Franson, Drew Fata - PP : Justin Schultz - PK : Alex Pietrangelo, Justin Schultz
Penalty Shots
David Perron, Loui Eriksson, Jordan Nolan, Nicklas Backstrom, Sergei Shirokov
Scratches
Jamie Langenbrunner (Severed Right Wrist Tendon Injury), Tuomo Ruutu (Healthy)
% Time on Ice - Senateurs
Lines # - Real PCT - Wanted PCT - Time Play
Normal Forward
1 - 36% - 40% - 14:55
2 - 29% - 30% - 12:17
3 - 22% - 20% - 9:11
4 - 13% - 10% - 5:29
Normal Defense
1 - 39% - 40% - 16:14
2 - 33% - 30% - 13:53
3 - 22% - 20% - 9:19
4 - 6% - 10% - 2:26
PP Forward
1 - 59% - 60% - 3:08
2 - 41% - 40% - 2:09
PP Defense
1 - 63% - 60% - 3:19
2 - 37% - 40% - 1:58
PK Forward
1 - 72% - 60% - 7:51
2 - 28% - 40% - 3:04
PK Defense
1 - 71% - 60% - 7:44
2 - 29% - 40% - 3:11
PK3 Forward
1 - 0% - 60%
2 - 0% - 40%
PK3 Defense
1 - 0% - 60%
2 - 0% - 40%
44 Forward
1 - 84% - 60% - 1:37
2 - 16% - 40% - 0:19
44 Defense
1 - 75% - 60% - 1:27
2 - 25% - 40% - 0:29
Last Minute Offensive - 0:00
Last Minute Defensive - 0:00
Total
Forward - 60:00
Defense - 60:00
|
% Time on Ice - Blues
Lines # - Real PCT - Wanted PCT - Time Play
Normal Forward
1 - 34% - 40% - 14:05
2 - 27% - 30% - 11:26
3 - 23% - 20% - 9:38
4 - 16% - 10% - 6:43
Normal Defense
1 - 40% - 40% - 16:51
2 - 36% - 30% - 14:52
3 - 22% - 20% - 9:01
4 - 3% - 10% - 1:08
PP Forward
1 - 64% - 60% - 6:57
2 - 36% - 40% - 3:58
PP Defense
1 - 67% - 60% - 7:19
2 - 33% - 40% - 3:36
PK Forward
1 - 79% - 60% - 3:29
2 - 21% - 40% - 0:56
PK Defense
1 - 79% - 60% - 3:30
2 - 21% - 40% - 0:55
PK3 Forward
1 - 77% - 60% - 0:40
2 - 23% - 40% - 0:12
PK3 Defense
1 - 100% - 60% - 0:52
2 - 0% - 40% - 0:00
44 Forward
1 - 84% - 60% - 1:38
2 - 16% - 40% - 0:18
44 Defense
1 - 72% - 60% - 1:24
2 - 28% - 40% - 0:32
Last Minute Offensive - 0:00
Last Minute Defensive - 0:00
Total
Forward - 60:00
Defense - 60:00
|
Play by Play
1st period
0:01 of 1st period - Evgeni Malkin wins face-off versus Nicklas Backstrom in neutral zone.
0:24 of 1st period - Taylor Hall is hit by Brenden Morrow and loses puck.
0:31 of 1st period - Slapshot by Alex Pietrangelo.
0:31 of 1st period - Shot Misses the Net.
0:33 of 1st period - Slapshot by Nicklas Backstrom.
0:33 of 1st period - Stopped by Jeff Deslauriers without a rebound.
0:34 of 1st period - Travis Zajac wins face-off versus Cody Hodgson in Senateurs zone.
1:02 of 1st period - Off-side.
1:03 of 1st period - Jordan Nolan wins face-off versus Brandon Dubinsky in neutral zone.
1:28 of 1st period - Drew Stafford is hit by Ryan Malone and loses puck.
1:35 of 1st period - Backhand shot by Brandon Dubinsky.
1:35 of 1st period - Shot Misses the Net.
1:37 of 1st period - Slapshot by Kurtis Foster.
1:37 of 1st period - Stopped by Tuukka Rask with a rebound.
1:39 of 1st period - Snap shot by Milan Hejduk.
1:39 of 1st period - Shot Misses the Net.
1:41 of 1st period - Slapshot by Dan Hamhuis.
1:41 of 1st period - Shot Blocked by Justin Schultz.
1:43 of 1st period - Slapshot by Dan Hamhuis.
1:43 of 1st period - Stopped by Tuukka Rask without a rebound.
1:44 of 1st period - Tomas Plekanec wins face-off versus Rob Schremp in Blues zone.
2:15 of 1st period - Kurtis Foster is hit by Blake Wheeler and loses puck.
2:41 of 1st period - Wrist shot by David Perron.
2:41 of 1st period - Shot Blocked by Brooks Orpik.
3:31 of 1st period - Snap shot by Nicklas Backstrom.
3:31 of 1st period - Stopped by Jeff Deslauriers without a rebound.
3:32 of 1st period - Nicklas Backstrom wins face-off versus Cody Hodgson in Senateurs zone.
3:39 of 1st period - Wrist shot by Nicklas Backstrom.
3:39 of 1st period - Shot Misses the Net.
4:26 of 1st period - Minor Penalty to Ramzi Abid for Hooking.
4:27 of 1st period - Nicklas Backstrom wins face-off versus Brandon Dubinsky in Senateurs zone.
4:27 of 1st period - Wrist shot by Sergei Shirokov.
4:27 of 1st period - Shot Misses the Net.
4:29 of 1st period - Slapshot by Taylor Hall.
4:29 of 1st period - Stopped by Jeff Deslauriers without a rebound.
4:30 of 1st period - Brandon Dubinsky wins face-off versus Nicklas Backstrom in Senateurs zone.
4:39 of 1st period - Slapshot by Kurtis Foster.
4:39 of 1st period - Shot Misses the Net.
4:44 of 1st period - Off-side.
4:45 of 1st period - Nicklas Backstrom wins face-off versus Ryan Malone in neutral zone.
4:57 of 1st period - Snap shot by Alex Pietrangelo.
4:57 of 1st period - Stopped by Jeff Deslauriers with a rebound.
5:19 of 1st period - Snap shot by David Perron.
5:19 of 1st period - Shot Misses the Net.
5:21 of 1st period - Slapshot by Alex Pietrangelo.
5:21 of 1st period - Shot Misses the Net.
6:05 of 1st period - Alex Pietrangelo is hit by Rob Schremp and loses puck.
6:26 of 1st period - Penalty to Ramzi Abid is over, Ramzi Abid is back on ice.
7:42 of 1st period - Snap shot by Rob Schremp.
7:42 of 1st period - Stopped by Tuukka Rask without a rebound.
7:43 of 1st period - Jordan Nolan wins face-off versus Pascal Dupuis in Blues zone.
7:56 of 1st period - Snap shot by Ramzi Abid.
7:56 of 1st period - Stopped by Tuukka Rask with a rebound.
8:20 of 1st period - Snap shot by Taylor Hall.
8:20 of 1st period - Shot Blocked by B.J. Crombeen.
8:26 of 1st period - Minor Penalty to Carlo Colaiacovo for High sticking.
8:27 of 1st period - Brandon Dubinsky wins face-off versus Nicklas Backstrom in Senateurs zone.
8:40 of 1st period - Wrist shot by Sergei Shirokov.
8:40 of 1st period - Shot Misses the Net.
8:42 of 1st period - Wrist shot by Nicklas Backstrom.
8:42 of 1st period - Goal by Nicklas Backstrom - Senateurs : 0 - Blues : 1.
8:43 of 1st period - Nicklas Backstrom wins face-off versus Evgeni Malkin in neutral zone.
8:59 of 1st period - Snap shot by Nicklas Backstrom.
8:59 of 1st period - Stopped by Jeff Deslauriers with a rebound.
9:29 of 1st period - Off-side.
9:30 of 1st period - Rob Schremp wins face-off versus Jordan Nolan in neutral zone.
9:44 of 1st period - Minor Penalty to Ramzi Abid for Interference.
9:45 of 1st period - Brandon Dubinsky wins face-off versus Nicklas Backstrom in Senateurs zone.
10:06 of 1st period - Brooks Orpik is hit by Sergei Shirokov and loses puck.
10:17 of 1st period - Snap shot by Alex Pietrangelo.
10:17 of 1st period - Deflect By Blake Wheeler.
10:17 of 1st period - Stopped by Jeff Deslauriers with a rebound.
10:21 of 1st period - Snap shot by David Perron.
10:21 of 1st period - Shot Misses the Net.
10:23 of 1st period - Wrist shot by Jake Gardiner.
10:23 of 1st period - Stopped by Jeff Deslauriers with a rebound.
10:25 of 1st period - Wrist shot by Travis Zajac.
10:25 of 1st period - Goal by Travis Zajac - Senateurs : 0 - Blues : 2.
10:26 of 1st period - Evgeni Malkin wins face-off versus Nicklas Backstrom in neutral zone.
10:35 of 1st period - Wrist shot by Brenden Morrow.
10:35 of 1st period - Shot Misses the Net.
10:58 of 1st period - Backhand shot by Sergei Shirokov.
10:58 of 1st period - Stopped by Jeff Deslauriers with a rebound.
11:06 of 1st period - Snap shot by Ramzi Abid.
11:06 of 1st period - Shot Misses the Net.
11:23 of 1st period - Slapshot by David Perron.
11:23 of 1st period - Stopped by Jeff Deslauriers with a rebound.
11:49 of 1st period - Taylor Hall is hit by Johan Franzen and loses puck.
11:57 of 1st period - Icing by Drew Fata.
11:58 of 1st period - Cody Hodgson wins face-off versus Blake Wheeler in Blues zone.
12:29 of 1st period - Snap shot by Jordan Nolan.
12:29 of 1st period - Stopped by Jeff Deslauriers with a rebound.
12:47 of 1st period - Snap shot by Ramzi Abid.
12:47 of 1st period - Stopped by Tuukka Rask without a rebound.
12:48 of 1st period - Tomas Plekanec wins face-off versus Rob Schremp in Blues zone.
12:54 of 1st period - Snap shot by Ramzi Abid.
12:54 of 1st period - Deflect By Pascal Dupuis.
12:54 of 1st period - Shot Misses the Net.
12:54 of 1st period - Puck is out of play.
12:55 of 1st period - Nicklas Backstrom wins face-off versus Evgeni Malkin in Blues zone.
13:04 of 1st period - Snap shot by Johan Franzen.
13:04 of 1st period - Deflect By Evgeni Malkin.
13:04 of 1st period - Stopped by Tuukka Rask without a rebound.
13:05 of 1st period - Nicklas Backstrom wins face-off versus Evgeni Malkin in Blues zone.
13:05 of 1st period - Nicklas Backstrom is hit by Brenden Morrow.
13:11 of 1st period - Brenden Morrow is hit by Blake Wheeler and loses puck.
13:29 of 1st period - Dan Hamhuis is hit by Alex Pietrangelo and loses puck.
13:38 of 1st period - Slapshot by Dan Hamhuis.
13:38 of 1st period - Shot Blocked by Nicklas Backstrom.
13:46 of 1st period - Backhand shot by Evgeni Malkin.
13:46 of 1st period - Shot Blocked by Justin Schultz.
13:58 of 1st period - Snap shot by Taylor Hall.
13:58 of 1st period - Shot Misses the Net.
15:06 of 1st period - Snap shot by Johan Franzen.
15:06 of 1st period - Stopped by Tuukka Rask without a rebound.
15:07 of 1st period - Travis Zajac wins face-off versus Cody Hodgson in Blues zone.
15:07 of 1st period - Travis Zajac is hit by Vladimir Mihalik.
16:54 of 1st period - Wrist shot by George Parros.
16:54 of 1st period - Stopped by Jeff Deslauriers without a rebound.
16:55 of 1st period - Tomas Plekanec wins face-off versus Ryan Malone in Senateurs zone.
17:08 of 1st period - Slapshot by Jake Gardiner.
17:08 of 1st period - Stopped by Jeff Deslauriers without a rebound.
17:09 of 1st period - Travis Zajac wins face-off versus Cody Hodgson in Senateurs zone.
17:10 of 1st period - Snap shot by David Perron.
17:10 of 1st period - Shot Blocked by B.J. Crombeen.
17:18 of 1st period - Slapshot by Thomas Vanek.
17:18 of 1st period - Shot Blocked by Travis Zajac.
17:20 of 1st period - Slapshot by Cody Hodgson.
17:20 of 1st period - Stopped by Tuukka Rask without a rebound.
17:21 of 1st period - Travis Zajac wins face-off versus Cody Hodgson in Blues zone.
17:30 of 1st period - Wrist shot by Sergei Shirokov.
17:30 of 1st period - Goal by Sergei Shirokov - Senateurs : 0 - Blues : 3.
17:31 of 1st period - Travis Zajac wins face-off versus Evgeni Malkin in neutral zone.
17:34 of 1st period - Slapshot by Alex Pietrangelo.
17:34 of 1st period - Deflect By Kurtis Foster.
17:34 of 1st period - Stopped by Jeff Deslauriers with a rebound.
17:58 of 1st period - Wrist shot by Ramzi Abid.
17:58 of 1st period - Stopped by Tuukka Rask with a rebound.
18:04 of 1st period - Rob Schremp is hit by Alex Pietrangelo and loses puck.
18:27 of 1st period - Snap shot by B.J. Crombeen.
18:27 of 1st period - Shot Misses the Net.
18:41 of 1st period - Slapshot by David Perron.
18:41 of 1st period - Stopped by Jeff Deslauriers without a rebound.
18:42 of 1st period - Evgeni Malkin wins face-off versus Nicklas Backstrom in Senateurs zone.
18:51 of 1st period - Snap shot by Brenden Morrow.
18:51 of 1st period - Shot Blocked by Justin Schultz.
19:09 of 1st period - Kurtis Foster is hit by Loui Eriksson and loses puck.
Goals for this period are 0 for Senateurs vs 3 for Blues.
Shots for this period are 9 for Senateurs vs 17 for Blues.
2nd period
0:01 of 2nd period - Evgeni Malkin wins face-off versus Taylor Hall in neutral zone.
0:14 of 2nd period - Wrist shot by Evgeni Malkin.
0:14 of 2nd period - Stopped by Tuukka Rask with a rebound.
0:34 of 2nd period - Snap shot by Thomas Vanek.
0:34 of 2nd period - Shot Blocked by Alex Pietrangelo.
0:55 of 2nd period - Icing by Drew Stafford.
0:56 of 2nd period - Johan Franzen wins face-off versus Jordan Nolan in Blues zone.
0:57 of 2nd period - Wrist shot by Evgeni Malkin.
0:57 of 2nd period - Shot Misses the Net.
0:59 of 2nd period - Snap shot by Brenden Morrow.
0:59 of 2nd period - Shot Blocked by Cody Franson.
1:01 of 2nd period - Snap shot by Johan Franzen.
1:01 of 2nd period - Goal by Johan Franzen - Senateurs : 1 - Blues : 3.
1:02 of 2nd period - Brenden Morrow wins face-off versus Nicklas Backstrom in neutral zone.
2:00 of 2nd period - Off-side.
2:01 of 2nd period - Nicklas Backstrom wins face-off versus Evgeni Malkin in neutral zone.
2:15 of 2nd period - Minor Penalty to Nicklas Backstrom for Roughing.
2:16 of 2nd period - Evgeni Malkin wins face-off versus Travis Zajac in Blues zone.
2:20 of 2nd period - Wrist shot by Thomas Vanek.
2:20 of 2nd period - Shot Misses the Net.
2:22 of 2nd period - Slapshot by Kurtis Foster.
2:22 of 2nd period - Shot Blocked by Drew Fata.
2:24 of 2nd period - Slapshot by Thomas Vanek.
2:24 of 2nd period - Goal by Thomas Vanek - Senateurs : 2 - Blues : 3.
2:25 of 2nd period - Nicklas Backstrom wins face-off versus Evgeni Malkin in neutral zone.
2:43 of 2nd period - Brenden Morrow is hit by Alex Pietrangelo and loses puck.
3:00 of 2nd period - Icing by Dan Hamhuis.
3:01 of 2nd period - Travis Zajac wins face-off versus Cody Hodgson in Senateurs zone.
3:33 of 2nd period - Off-side.
3:34 of 2nd period - Nicklas Backstrom wins face-off versus Evgeni Malkin in neutral zone.
3:40 of 2nd period - Minor Penalty to Brenden Morrow for Boarding.
3:41 of 2nd period - Brandon Dubinsky wins face-off versus Nicklas Backstrom in Senateurs zone.
3:55 of 2nd period - Snap shot by Taylor Hall.
3:55 of 2nd period - Stopped by Jeff Deslauriers without a rebound.
3:56 of 2nd period - Nicklas Backstrom wins face-off versus Brandon Dubinsky in Senateurs zone.
4:09 of 2nd period - Brooks Orpik is hit by Sergei Shirokov and loses puck.
4:22 of 2nd period - Blake Wheeler is hit by Kurtis Foster and loses puck.
5:40 of 2nd period - Penalty to Brenden Morrow is over, Brenden Morrow is back on ice.
5:43 of 2nd period - Brenden Morrow is hit by Justin Schultz and loses puck.
5:50 of 2nd period - Wrist shot by Jordan Nolan.
5:50 of 2nd period - Stopped by Jeff Deslauriers without a rebound.
5:51 of 2nd period - Evgeni Malkin wins face-off versus Jordan Nolan in Senateurs zone.
6:03 of 2nd period - Minor Penalty to Vladimir Mihalik for Interference.
6:04 of 2nd period - Brandon Dubinsky wins face-off versus Taylor Hall in Senateurs zone.
6:17 of 2nd period - Snap shot by Sergei Shirokov.
6:17 of 2nd period - Stopped by Jeff Deslauriers without a rebound.
6:18 of 2nd period - Nicklas Backstrom wins face-off versus Brandon Dubinsky in Senateurs zone.
6:31 of 2nd period - Wrist shot by Taylor Hall.
6:31 of 2nd period - Shot Misses the Net.
6:43 of 2nd period - Brooks Orpik is hit by Jake Gardiner and loses puck.
7:07 of 2nd period - Brooks Orpik is hit by Justin Schultz and loses puck.
8:03 of 2nd period - Penalty to Vladimir Mihalik is over, Vladimir Mihalik is back on ice.
8:17 of 2nd period - Snap shot by Evgeni Malkin.
8:17 of 2nd period - Shot Misses the Net.
8:19 of 2nd period - Wrist shot by Evgeni Malkin.
8:19 of 2nd period - Deflect By Johan Franzen.
8:19 of 2nd period - Shot Misses the Net.
8:19 of 2nd period - Puck is out of play.
8:20 of 2nd period - Tomas Plekanec wins face-off versus Thomas Vanek in Blues zone.
8:27 of 2nd period - Snap shot by Cody Hodgson.
8:27 of 2nd period - Shot Misses the Net.
9:11 of 2nd period - Justin Schultz is hit by Vladimir Mihalik and loses puck.
9:38 of 2nd period - Taylor Hall is hit by Thomas Vanek and loses puck.
10:22 of 2nd period - Loui Eriksson is hit by Evgeni Malkin and loses puck.
10:40 of 2nd period - Icing by Kurtis Foster.
10:41 of 2nd period - Ramzi Abid wins face-off versus Travis Zajac in Senateurs zone.
10:54 of 2nd period - Snap shot by Rob Schremp.
10:54 of 2nd period - Shot Blocked by Travis Zajac.
10:56 of 2nd period - Slapshot by Pascal Dupuis.
10:56 of 2nd period - Stopped by Tuukka Rask without a rebound.
10:57 of 2nd period - Nicklas Backstrom wins face-off versus Evgeni Malkin in Blues zone.
11:07 of 2nd period - Off-side.
11:08 of 2nd period - Evgeni Malkin wins face-off versus Nicklas Backstrom in neutral zone.
11:23 of 2nd period - Slapshot by Evgeni Malkin.
11:23 of 2nd period - Shot Blocked by Alex Pietrangelo.
11:42 of 2nd period - Slapshot by Pascal Dupuis.
11:42 of 2nd period - Deflect By Ramzi Abid.
11:42 of 2nd period - Shot Blocked by Drew Fata.
11:42 of 2nd period - Puck is out of play.
11:43 of 2nd period - Travis Zajac wins face-off versus Evgeni Malkin in Blues zone.
11:43 of 2nd period - Travis Zajac is hit by Brenden Morrow.
11:53 of 2nd period - Wrist shot by David Perron.
11:53 of 2nd period - Shot Blocked by Kurtis Foster.
12:23 of 2nd period - Wrist shot by Rob Schremp.
12:23 of 2nd period - Shot Misses the Net.
12:25 of 2nd period - Minor Penalty to Drew Fata for Holding.
12:26 of 2nd period - Travis Zajac wins face-off versus Evgeni Malkin in Blues zone.
12:55 of 2nd period - Wrist shot by B.J. Crombeen.
12:55 of 2nd period - Shot Misses the Net.
12:57 of 2nd period - Wrist shot by B.J. Crombeen.
12:57 of 2nd period - Shot Misses the Net.
12:59 of 2nd period - Slapshot by Vladimir Mihalik.
12:59 of 2nd period - Stopped by Tuukka Rask with a rebound.
13:01 of 2nd period - Wrist shot by Carlo Colaiacovo.
13:01 of 2nd period - Stopped by Tuukka Rask with a rebound.
14:25 of 2nd period - Penalty to Drew Fata is over, Drew Fata is back on ice.
14:34 of 2nd period - Wrist shot by Tomas Plekanec.
14:34 of 2nd period - Shot Misses the Net.
14:36 of 2nd period - Snap shot by Tomas Plekanec.
14:36 of 2nd period - Stopped by Jeff Deslauriers without a rebound.
14:37 of 2nd period - Rob Schremp wins face-off versus Tomas Plekanec in Senateurs zone.
14:46 of 2nd period - Snap shot by Rob Schremp.
14:46 of 2nd period - Stopped by Tuukka Rask without a rebound.
14:47 of 2nd period - Taylor Hall wins face-off versus Brandon Dubinsky in Blues zone.
15:16 of 2nd period - Icing by Brooks Orpik.
15:17 of 2nd period - Evgeni Malkin wins face-off versus Travis Zajac in Senateurs zone.
15:50 of 2nd period - Snap shot by David Perron.
15:50 of 2nd period - Stopped by Jeff Deslauriers without a rebound.
15:51 of 2nd period - Nicklas Backstrom wins face-off versus Evgeni Malkin in Senateurs zone.
15:56 of 2nd period - Wrist shot by Taylor Hall.
15:56 of 2nd period - Shot Misses the Net.
16:06 of 2nd period - Snap shot by Brenden Morrow.
16:06 of 2nd period - Stopped by Tuukka Rask with a rebound.
16:16 of 2nd period - Drew Stafford is hit by Cody Hodgson and loses puck.
16:43 of 2nd period - Justin Schultz is hit by Dan Girardi and loses puck.
16:48 of 2nd period - Wrist shot by Brandon Dubinsky.
16:48 of 2nd period - Stopped by Tuukka Rask with a rebound.
17:35 of 2nd period - Snap shot by Nicklas Backstrom.
17:35 of 2nd period - Shot Blocked by Dan Hamhuis.
17:37 of 2nd period - Wrist shot by Taylor Hall.
17:37 of 2nd period - Stopped by Jeff Deslauriers with a rebound.
18:09 of 2nd period - Linus Omark is hit by Brandon Dubinsky and loses puck.
18:37 of 2nd period - Snap shot by Brenden Morrow.
18:37 of 2nd period - Stopped by Tuukka Rask without a rebound.
18:38 of 2nd period - Nicklas Backstrom wins face-off versus B.J. Crombeen in Blues zone.
19:22 of 2nd period - Minor Penalty to David Perron for Slashing.
19:23 of 2nd period - Travis Zajac wins face-off versus Evgeni Malkin in Blues zone.
19:23 of 2nd period - Travis Zajac is hit by Johan Franzen.
Goals for this period are 2 for Senateurs vs 0 for Blues.
Shots for this period are 10 for Senateurs vs 6 for Blues.
3rd period
0:01 of 3rd period - Travis Zajac wins face-off versus Evgeni Malkin in neutral zone.
0:06 of 3rd period - Snap shot by Blake Wheeler.
0:06 of 3rd period - Stopped by Jeff Deslauriers without a rebound.
0:07 of 3rd period - Evgeni Malkin wins face-off versus Travis Zajac in Senateurs zone.
0:07 of 3rd period - Evgeni Malkin is hit by Bryce Lampman.
0:17 of 3rd period - Wrist shot by Evgeni Malkin.
0:17 of 3rd period - Shot Misses the Net.
0:19 of 3rd period - Slapshot by Johan Franzen.
0:19 of 3rd period - Shot Misses the Net.
0:29 of 3rd period - Minor Penalty to Drew Fata for Hooking.
0:30 of 3rd period - Evgeni Malkin wins face-off versus Blake Wheeler in Blues zone.
1:22 of 3rd period - Penalty to David Perron is over, David Perron is back on ice.
1:52 of 3rd period - Brenden Morrow is hit by Drew Stafford and loses puck.
1:59 of 3rd period - Snap shot by Jordan Nolan.
1:59 of 3rd period - Shot Blocked by Dan Hamhuis.
2:29 of 3rd period - Penalty to Drew Fata is over, Drew Fata is back on ice.
2:29 of 3rd period - Milan Hejduk is hit by Alex Pietrangelo and loses puck.
3:30 of 3rd period - Vladimir Mihalik is hit by Loui Eriksson and loses puck.
3:41 of 3rd period - Brenden Morrow is hit by Jake Gardiner and loses puck.
4:09 of 3rd period - Cody Franson is hit by Rob Schremp and loses puck.
5:32 of 3rd period - Brandon Dubinsky is hit by Linus Omark and loses puck.
6:17 of 3rd period - Thomas Vanek is hit by Jake Gardiner and loses puck.
6:41 of 3rd period - Ramzi Abid is hit by Alex Pietrangelo and loses puck.
6:54 of 3rd period - Snap shot by Travis Zajac.
6:54 of 3rd period - Stopped by Jeff Deslauriers without a rebound.
6:55 of 3rd period - Travis Zajac wins face-off versus Brandon Dubinsky in Senateurs zone.
7:00 of 3rd period - Snap shot by David Perron.
7:00 of 3rd period - Shot Blocked by Brandon Dubinsky.
7:02 of 3rd period - Wrist shot by David Perron.
7:02 of 3rd period - Stopped by Jeff Deslauriers without a rebound.
7:03 of 3rd period - B.J. Crombeen wins face-off versus Nicklas Backstrom in Senateurs zone.
8:04 of 3rd period - Minor Penalty to B.J. Crombeen for Roughing.
8:05 of 3rd period - Nicklas Backstrom wins face-off versus Brandon Dubinsky in Senateurs zone.
8:07 of 3rd period - Minor Penalty to Sergei Shirokov for Interference.
8:08 of 3rd period - Travis Zajac wins face-off versus Evgeni Malkin in Blues zone.
8:14 of 3rd period - Snap shot by Thomas Vanek.
8:14 of 3rd period - Shot Blocked by Bryce Lampman.
8:20 of 3rd period - Slapshot by Alex Pietrangelo.
8:20 of 3rd period - Stopped by Jeff Deslauriers with a rebound.
8:59 of 3rd period - Slapshot by Jake Gardiner.
8:59 of 3rd period - Shot Blocked by Dan Hamhuis.
9:25 of 3rd period - Wrist shot by Cody Hodgson.
9:25 of 3rd period - Stopped by Tuukka Rask without a rebound.
9:26 of 3rd period - George Parros wins face-off versus Brandon Dubinsky in Blues zone.
9:35 of 3rd period - Snap shot by Drew Stafford.
9:35 of 3rd period - Goal by Drew Stafford - Senateurs : 2 - Blues : 4.
9:36 of 3rd period - Evgeni Malkin wins face-off versus Travis Zajac in neutral zone.
9:48 of 3rd period - Slapshot by Alex Pietrangelo.
9:48 of 3rd period - Stopped by Jeff Deslauriers with a rebound.
10:04 of 3rd period - Penalty to B.J. Crombeen is over, B.J. Crombeen is back on ice.
10:07 of 3rd period - Penalty to Sergei Shirokov is over, Sergei Shirokov is back on ice.
10:36 of 3rd period - Slapshot by Alex Pietrangelo.
10:36 of 3rd period - Deflect By Loui Eriksson.
10:36 of 3rd period - Shot Blocked by Ryan Malone.
10:36 of 3rd period - Puck is out of play.
10:37 of 3rd period - Jordan Nolan wins face-off versus Brandon Dubinsky in Senateurs zone.
10:44 of 3rd period - Snap shot by Drew Stafford.
10:44 of 3rd period - Shot Misses the Net.
10:46 of 3rd period - Slapshot by Jake Gardiner.
10:46 of 3rd period - Stopped by Jeff Deslauriers without a rebound.
10:47 of 3rd period - Nicklas Backstrom wins face-off versus Evgeni Malkin in Senateurs zone.
10:56 of 3rd period - Wrist shot by Nicklas Backstrom.
10:56 of 3rd period - Shot Blocked by Carlo Colaiacovo.
11:14 of 3rd period - Cody Hodgson is hit by Jake Gardiner and loses puck.
11:42 of 3rd period - Wrist shot by Alex Pietrangelo.
11:42 of 3rd period - Shot Misses the Net.
11:58 of 3rd period - Wrist shot by Brenden Morrow.
11:58 of 3rd period - Stopped by Tuukka Rask with a rebound.
12:00 of 3rd period - Slapshot by Vladimir Mihalik.
12:00 of 3rd period - Shot Blocked by Bryce Lampman.
12:02 of 3rd period - Snap shot by Carlo Colaiacovo.
12:02 of 3rd period - Shot Blocked by Alex Pietrangelo.
12:04 of 3rd period - Slapshot by Vladimir Mihalik.
12:04 of 3rd period - Stopped by Tuukka Rask without a rebound.
12:05 of 3rd period - Nicklas Backstrom wins face-off versus Brenden Morrow in Blues zone.
12:18 of 3rd period - Snap shot by Nicklas Backstrom.
12:18 of 3rd period - Stopped by Jeff Deslauriers without a rebound.
12:19 of 3rd period - Nicklas Backstrom wins face-off versus Evgeni Malkin in Senateurs zone.
12:57 of 3rd period - Snap shot by Alex Pietrangelo.
12:57 of 3rd period - Shot Blocked by Thomas Vanek.
13:17 of 3rd period - George Parros is hit by Cody Hodgson and loses puck.
14:28 of 3rd period - Minor Penalty to Rob Schremp for Roughing.
14:29 of 3rd period - Brandon Dubinsky wins face-off versus Nicklas Backstrom in Senateurs zone.
14:42 of 3rd period - Off-side.
14:43 of 3rd period - Brandon Dubinsky wins face-off versus Nicklas Backstrom in neutral zone.
14:50 of 3rd period - Snap shot by Ramzi Abid.
14:50 of 3rd period - Stopped by Tuukka Rask with a rebound.
14:52 of 3rd period - Snap shot by Ramzi Abid.
14:52 of 3rd period - Shot Misses the Net.
14:54 of 3rd period - Snap shot by Ramzi Abid.
14:54 of 3rd period - Deflect By Brandon Dubinsky.
14:54 of 3rd period - Shot Blocked by Sergei Shirokov.
14:54 of 3rd period - Puck is out of play.
14:55 of 3rd period - Nicklas Backstrom wins face-off versus Brandon Dubinsky in Blues zone.
15:06 of 3rd period - Icing by Sergei Shirokov.
15:07 of 3rd period - Brandon Dubinsky wins face-off versus Nicklas Backstrom in Blues zone.
15:08 of 3rd period - Slapshot by Ramzi Abid.
15:08 of 3rd period - Stopped by Tuukka Rask with a rebound.
15:14 of 3rd period - Slapshot by Alex Pietrangelo.
15:14 of 3rd period - Stopped by Jeff Deslauriers with a rebound.
15:20 of 3rd period - Wrist shot by Nicklas Backstrom.
15:20 of 3rd period - Shot Blocked by Ramzi Abid.
15:24 of 3rd period - Wrist shot by Nicklas Backstrom.
15:24 of 3rd period - Deflect By Taylor Hall.
15:24 of 3rd period - Shot Misses the Net.
15:24 of 3rd period - Puck is out of play.
15:25 of 3rd period - Brandon Dubinsky wins face-off versus Blake Wheeler in Senateurs zone.
15:30 of 3rd period - Alex Pietrangelo is hit by Brandon Dubinsky and loses puck.
15:40 of 3rd period - Slapshot by David Perron.
15:40 of 3rd period - Shot Blocked by Ramzi Abid.
15:42 of 3rd period - Wrist shot by Jake Gardiner.
15:42 of 3rd period - Shot Misses the Net.
15:52 of 3rd period - Brandon Dubinsky is hit by Nicklas Backstrom and loses puck.
16:28 of 3rd period - Penalty to Rob Schremp is over, Rob Schremp is back on ice.
16:41 of 3rd period - Justin Schultz is hit by Cody Hodgson and loses puck.
16:59 of 3rd period - Off-side.
17:00 of 3rd period - Evgeni Malkin wins face-off versus Tomas Plekanec in neutral zone.
17:03 of 3rd period - Alex Pietrangelo is hit by Evgeni Malkin and loses puck.
17:08 of 3rd period - Slapshot by Evgeni Malkin.
17:08 of 3rd period - Shot Misses the Net.
17:10 of 3rd period - Wrist shot by Brenden Morrow.
17:10 of 3rd period - Shot Misses the Net.
17:12 of 3rd period - Slapshot by Johan Franzen.
17:12 of 3rd period - Stopped by Tuukka Rask with a rebound.
17:32 of 3rd period - Minor Penalty to Ryan Malone for Hooking.
17:33 of 3rd period - Brandon Dubinsky wins face-off versus Nicklas Backstrom in Senateurs zone.
17:39 of 3rd period - Snap shot by Nicklas Backstrom.
17:39 of 3rd period - Stopped by Jeff Deslauriers with a rebound.
17:41 of 3rd period - Slapshot by Nicklas Backstrom.
17:41 of 3rd period - Shot Misses the Net.
17:43 of 3rd period - Backhand shot by Nicklas Backstrom.
17:43 of 3rd period - Stopped by Jeff Deslauriers without a rebound.
17:44 of 3rd period - Nicklas Backstrom wins face-off versus Brandon Dubinsky in Senateurs zone.
18:16 of 3rd period - Slapshot by Alex Pietrangelo.
18:16 of 3rd period - Shot Blocked by Brooks Orpik.
19:07 of 3rd period - Icing by Blake Wheeler.
19:08 of 3rd period - Brandon Dubinsky wins face-off versus Travis Zajac in Blues zone.
19:26 of 3rd period - Wrist shot by Brenden Morrow.
19:26 of 3rd period - Stopped by Tuukka Rask with a rebound.
19:32 of 3rd period - Penalty to Ryan Malone is over, Ryan Malone is back on ice.
19:35 of 3rd period - Icing by Dan Hamhuis.
19:36 of 3rd period - Jordan Nolan wins face-off versus Evgeni Malkin in Senateurs zone.
19:37 of 3rd period - Wrist shot by Drew Stafford.
19:37 of 3rd period - Stopped by Jeff Deslauriers with a rebound.
19:39 of 3rd period - Snap shot by Jordan Nolan.
19:39 of 3rd period - Shot Misses the Net.
Goals for this period are 0 for Senateurs vs 1 for Blues.
Shots for this period are 7 for Senateurs vs 12 for Blues.
Back to the Top